 Dungeon Crawl Stone Soup version 0.13-a0-2676-gd993d8a (webtiles) character file.

268 JacquesDerrida the Cudgeler (level 4, -3/35 HPs)
             Began as a Demigod Skald on Aug 12, 2013.
             Slain by Grinder (5 damage)
             ... on Level 3 of the Dungeon.
             The game lasted 00:04:01 (2118 turns).

JacquesDerrida the Cudgeler (Demigod Skald)         Turns: 2118, Time: 00:04:01

HP  -3/35        AC  3     Str 16      XL: 4   Next: 55%
MP   4/11        EV 11     Int 17      God:
Gold 142         SH  0     Dex 16      Spells:  3 memorised,  0 levels left

Res.Fire  : . . .   See Invis. : .   s - +0,+1 orc mace
Res.Cold  : . . .   Warding    : .   b - +0 leather armour
Life Prot.: . . .   Conserve   : .   (no shield)
Res.Poison: .       Res.Corr.  : .   (no helmet)
Res.Elec. : .       Clarity    : .   (no cloak)
Sust.Abil.: . .     Spirit.Shd : .   (no gloves)
Res.Mut.  : .       Stasis     : .   (no boots)
Res.Rott. : .       Flight     : .   (no amulet)
Saprovore : . . .                    (no ring)
                                     o - ring of wizardry

@: slightly resistant to hostile enchantments, unstealthy
A: no striking features
a: no special abilities


You were on level 3 of the Dungeon.
You were very hungry.

You visited 1 branch of the dungeon, and saw 3 of its levels.

You collected 122 gold pieces.

Inventory:

Hand weapons
 a - a +0,+0 mace
 q - a cursed -3,+0 orcish dagger (quivered)
 s - a +0,+1 orcish mace (weapon)
Armour
 b - a +0 leather armour (worn)
Magical devices
 p - a wand of slowing (11) {unknown}
Comestibles
 d - 2 bread rations
 f - 2 chokos
 h - an apricot
 m - a meat ration
 r - 2 rotting chunks of orc flesh
 t - 2 rotting chunks of orc flesh
 u - a rotting chunk of bat flesh
Scrolls
 e - a scroll of curse armour {unknown}
 g - a scroll of recharging {unknown}
 i - 2 scrolls of identify {unknown}
 k - a scroll of enchant armour {unknown}
Jewellery
 o - a ring of wizardry (left hand)
Potions
 j - a potion of agility {unknown}
 l - 2 potions of speed {unknown}
 n - a potion of brilliance {unknown}
Books
 c - a book of Battle

   Spells                             Type                      Level
   *Infusion                          Charms                       1
   *Shroud of Golubria                Charms/Translocation         2
   Song of Slaying                    Charms                       2
   *Spectral Weapon                   Hexes/Charms                 3
   Regeneration                       Charms/Necromancy            3
   Song of Shielding                  Charms                       4


   Skills:
 - Level 1.7 Fighting
 + Level 4.6 Maces & Flails
 - Level 0.8 Armour
 - Level 0.8 Dodging
 - Level 1.7 Spellcasting
 - Level 2.6 Charms


You couldn't memorise any spells.
You knew the following spells:

 Your Spells              Type           Power        Failure   Level  Hunger
a - Infusion              Chrm           ##....       3%          1    #......
b - Spectral Weapon       Hex/Chrm       #.......     16%         3    ####...
c - Shroud of Golubria    Chrm/Tloc      #.........   8%          2    ###....


Dungeon Overview and Level Annotations

Branches:
Dungeon (3/27)

Annotations
D:3 Grinder


Message History

Grinder is moderately wounded.
Your spectral weapon closely misses Grinder.
Grinder closely misses you.
Unknown command.
You hit Grinder.
Grinder is heavily wounded.
Your spectral weapon hits Grinder.
Grinder hits your spectral weapon but does no damage.
You thump Grinder!
Grinder is severely wounded.
Your spectral weapon closely misses Grinder.
Grinder hits you.
* * * LOW HITPOINT WARNING * * *
You writhe in agony.
* * * LOW HITPOINT WARNING * * *
You hit Grinder.
Grinder is almost dead.
Your spectral weapon barely misses Grinder.
Grinder hits you.
You die...

..........#.....<
##........#.#.#.#
##.......)#.#.#.#
....#######.#.#.###
###.##............# #
#.##.........# .# .#
#.##.......).##?#..#
###.##...............#
...>............@(...#
######.........##5...#
######.#### ....# #...
....# ##### .#..#
...... #.... . .


You could see Grinder and a friendly spectral orcish mace.

Vanquished Creatures
  An orc wizard (D:3)
  5 adders (D:2)
  A giant gecko (D:2)
  2 oozes
  3 orcs (D:3)
  A ball python (D:2)
  9 bats
  2 giant cockroaches (D:2)
  6 hobgoblins
  5 kobolds
  7 giant newts
  7 goblins
  3 rats (D:1)
52 creatures vanquished.

Notes
Turn   | Place    | Note
--------------------------------------------------------------
     0 | D:1      | JacquesDerrida, the Demigod Skald, began the quest for the Orb.
     0 | D:1      | Reached XP level 1. HP: 16/16 MP: 5/5
   464 | D:1      | Reached XP level 2. HP: 21/23 MP: 6/6
   846 | D:2      | Reached skill level 3 in Maces & Flails
   890 | D:2      | Reached XP level 3. HP: 19/28 MP: 4/9
  1512 | D:2      | Reached skill level 4 in Maces & Flails
  1564 | D:2      | Reached XP level 4. HP: 31/35 MP: 11/11
  1610 | D:2      | Learned a level 3 spell: Spectral Weapon
  1660 | D:3      | Learned a level 2 spell: Shroud of Golubria
  2104 | D:3      | Noticed Grinder
  2109 | D:3      | Paralysed by Grinder for 6 turns
  2118 | D:3      | Slain by Grinder

Action                   |  1- 3 |  4- 6 || total
-------------------------+-------+-------++-------
Melee: Mace              |   130 |    51 ||   181
 Cast: Infusion          |     5 |     3 ||     8
       Spectral Weapon   |       |     4 ||     4
  Use: Scroll            |       |     3 ||     3
